 Dungeon Crawl Stone Soup version 0.30.0-29-ga12c61a403 (webtiles) character file.

Game seed: 15022863072486208154

83 growler the Conjurer (level 4, -3/24 HPs)
             Began as a Tengu Conjurer on June 7, 2023.
             Killed from afar by a white imp (9 damage)
             ... with a puff of frost
             ... on level 3 of the Dungeon.
             The game lasted 00:03:32 (2136 turns).

growler the Conjurer (Tengu Conjurer)               Turns: 2136, Time: 00:03:33

Health: -3/24      AC:  2    Str:  7    XL:     4   Next: 44%
Magic:  5/9        EV: 12    Int: 20    God:
Gold:   133        SH:  0    Dex: 13    Spells: 3/9 levels left

rFire   . . .        (no weapon)
rCold   . . .        (no shield)
rNeg    . . .        a - +0 robe
rPois   .            (helmet restricted)
rElec   .            (no cloak)
rCorr   .            (no gloves)
SInv    .            (boots unavailable)
Will    .....        (no amulet)
Stlth   ++           (no ring)
HPRegen 0.24/turn    (no ring)
MPRegen 0.11/turn

%: no passive effects
@: no status effects
A: beak, talons 3
a: no special abilities


You were on level 3 of the Dungeon.
You visited 1 branch of the dungeon, and saw 3 of its levels.

You collected 133 gold pieces.

Inventory:

Armour
 a - a +0 robe (worn)
Jewellery
 j - a +6 ring of dexterity
Scrolls
 c - 2 scrolls of identify {unknown}
 e - a scroll of vulnerability {unknown}
 g - a scroll of amnesia {unknown}
 h - 2 scrolls of teleportation {unknown}
 i - a scroll of blinking {unknown}
 k - a scroll of enchant armour {unknown}
Potions
 b - 3 potions of magic
 d - a potion of brilliance {unknown}
 f - a potion of cancellation {unknown}
 l - a potion of curing {unknown}
 m - a potion of might {unknown}


   Skills:
 - Level 2.1 Dodging
 - Level 2.0 Stealth
 + Level 3.2 Spellcasting
 + Level 6.6 Conjurations


You had 3 spell levels left.
You knew the following spells:

 Your Spells              Type           Power      Damage    Failure   Level
a - Magic Dart            Conj           100%       1d8       1%          1
b - Searing Ray           Conj           58%        2d6       1%          2
c - Dazzling Flash        Conj/Hex       32%        N/A       11%         3

Your spell library contained the following spells:

 Spells                   Type           Power      Damage    Failure   Level
 Fulminant Prism          Conj/Hex       8%         3d7       34%         4
 Iskenderun's Mystic Bla  Conj/Tloc      16%        2d5       34%         4


Dungeon Overview and Level Annotations

Branches:
Dungeon (3/15)

Altars:


Innate Abilities, Weirdness & Mutations

You have a beak for a mouth.
You have claws for feet.


Message History

A ball python comes into view.
The magic dart hits the ball python!
You kill the ball python!
Found a stone staircase leading up.
You now have 123 gold pieces (gained 11).
Found a ring mail.
Found a stone staircase leading down.
You see here a +0 ring mail.
You now have 133 gold pieces (gained 10).
As you open the door, it creaks loudly!
There is an open door here.
A white imp comes into view.
The white imp shouts!
The magic dart hits the white imp but does no damage.
The white imp gestures at you. The puff of frost hits you!
The magic dart hits the white imp.
The white imp is moderately wounded.
The white imp gestures at you. The puff of frost hits you!
Ouch! That really hurt!
* * * LOW HITPOINT WARNING * * *
You are too injured to fight recklessly!
Unknown command.
Casting: Magic Dart (safe; 1% risk of failure)
Confirm with . or Enter, or press ? or * to list all spells.
Aiming: Magic Dart (safe; 1% risk of failure)
Press: ? - help, Shift-Dir - straight line, f/p - white imp
Aim: a white imp (moderately wounded, 100% to hit)
The magic dart hits the white imp.
The white imp is moderately wounded.
Casting: Magic Dart (safe; 1% risk of failure)
Confirm with . or Enter, or press ? or * to list all spells.
Aiming: Magic Dart (safe; 1% risk of failure)
Press: ? - help, Shift-Dir - straight line, f/p - white imp
Aim: a white imp (moderately wounded, 100% to hit)
The magic dart hits the white imp but does no damage.
The white imp is moderately wounded.
The white imp gestures at you. The puff of frost hits you!
You die...

####### #.....#
#.....######
########.....##...#
.............##.#.##
..5..........'....>#
..#@.....##.#..#
#.#######.#[.#
#.##...##.#..#
#.##...##.#..#
..#.....#.#..#
#.###.....#....#
+.......#...#..#
#.......#..#
###.#...#..#


You could see a white imp.

Vanquished Creatures
  3 adders (D:2)
  A worm (D:2)
  A dart slug (D:2)
  8 ball pythons
  3 bats
  4 endoplasms
  4 giant cockroaches
  3 goblins
  8 hobgoblins
  3 quokkas
  5 frilled lizards
  5 rats
48 creatures vanquished.

Notes
Turn   | Place    | Note
-------+----------+-------------------------------------------
     0 | D:1      | growler the Tengu Conjurer began the quest for the Orb.
     0 | D:1      | Reached XP level 1. HP: 10/10 MP: 4/4
   119 | D:1      | Reached XP level 2. HP: 15/15 MP: 3/6
   739 | D:1      | Reached XP level 3. HP: 19/19 MP: 2/7
   748 | D:1      | Reached skill level 6 in Conjurations
  1169 | D:2      | Reached XP level 4. HP: 24/24 MP: 2/9
  1843 | D:2      | Learned a level 2 spell: Searing Ray
  1847 | D:2      | Learned a level 3 spell: Dazzling Flash
  2136 | D:3      | Killed from afar by a white imp

Illustrated notes

Levels and vault maps discovered:
D:1:      amcnicky_arrival_gap_in_the_tavern_cellar, layout_basic
D:2:      layout_basic
D:3:      layout_basic, mainiacjoe_overflow_alcove_4, corexii_leaking_fountain,
          minmay_vboxes

Skill      XL: |  1  2  3 |
---------------+----------+-----
Conjurations   | 6 |  6.6
Spellcasting   | 3 |  3.2
Dodging        | |  2.1
Stealth        | |  2.0

Action                     |  1- 3 |  4- 6 || total
---------------------------+-------+-------++-------
  Melee: Unarmed           |     8 |       ||     8
         Kick              |     1 |       ||     1
   Cast: Magic Dart        |    66 |    28 ||    94
 Armour: Robe              |     1 |       ||     1
  Dodge: Dodged            |     7 |       ||     7
